 Dungeon Crawl Stone Soup version 0.27-a0-1177-g245c70e1c0 (webtiles) character file.

Game seed: 5129676085247199516

4 HoaS the Bolt Thrower (level 1, 0/17 HPs)
             Began as a Ghoul Hunter on May 16, 2021.
             Slain by a bat (1 damage)
             ... on level 1 of the Dungeon.
             The game lasted 00:00:57 (125 turns).

HoaS the Bolt Thrower (Ghoul Hunter)                 Turns: 125, Time: 00:00:57

Health: 0/17       AC:  3    Str: 15    XL:     1   Next: 60%
Magic:  0/0        EV: 11    Int:  6    God:
Gold:   10         SH:  0    Dex:  9    Spells: 0/0 levels left

rFire    . . .     SeeInvis .     - Unarmed
rCold    + . .     Faith    .   (no shield)
rNeg     + + +     Spirit   .   c - +0 leather armour
rPois    ∞         Reflect  .   (no helmet)
rElec    .         Harm     .   (no cloak)
rCorr    .         Rampage  .   (no gloves)
Will     .....                  (no boots)
Stlth    +.........             (no amulet)
HPRegen  0.00/turn              (no ring)
MPRegen  0.07/turn              (no ring)

@: no status effects
A: claws 1, cold resistance 1, negative energy resistance 3, inhibited
regeneration, torment resistance 2
a: no special abilities


You were on level 1 of the Dungeon.
You visited 1 branch of the dungeon, and saw 1 of its levels.

You collected 10 gold pieces.

Inventory:

Hand Weapons
 a - a +1 hand crossbow
 b - a +0 short sword
Missiles
 d - 20 bolts
Armour
 c - a +0 leather armour (worn)


   Skills:
 - Level 2.1 Fighting
 - Level 3.6 Crossbows
 - Level 1.7 Dodging
 - Level 1.1 Stealth
 + Level 1.2 Unarmed Combat


You couldn't memorise any spells.
You didn't know any spells.
Your spell library was empty.

Dungeon Overview and Level Annotations

Branches:
Dungeon (1/15)

Altars:


Innate Abilities, Weirdness & Mutations

You thrive by killing the living.
You are immune to poison.
You have sharp fingernails.
Your flesh is cold resistant. (rC+)
You are immune to negative energy. (rN+++)
You do not regenerate when monsters are visible.
You are immune to unholy pain and torment.


Message History

* * * LOW HITPOINT WARNING * * *
You swing at nothing.
The bat hits you but does no damage. The bat closely misses you.
You barely miss the bat. The bat completely misses you.
You swing at nothing.
The bat hits you.
* * * LOW HITPOINT WARNING * * *
You swing at nothing.
The bat hits you but does no damage.
You swing at nothing.
The bat hits you but does no damage.
You swing at nothing.
The bat hits you.
* * * LOW HITPOINT WARNING * * *
You scratch the bat.
The bat is severely wounded.
The bat barely misses you.
You swing at nothing.
You swing at nothing.
You start resting.
A bat is nearby!
The bat barely misses you.
You completely miss the bat.
The bat is heavily wounded.
The bat hits you.
* * * LOW HITPOINT WARNING * * *
You miss the bat.
The bat is heavily wounded.
The bat barely misses you. The bat hits you but does no damage.
The bat closely misses you.
You scratch the bat but do no damage.
The bat is heavily wounded.
The bat misses you. The bat barely misses you.
You barely miss the bat.
The bat is heavily wounded.
The bat misses you. The bat closely misses you.
You barely miss the bat.
The bat is heavily wounded.
The bat closely misses you. The bat completely misses you.
You completely miss the bat.
The bat is heavily wounded.
The bat misses you. The bat hits you.
You die...

..?....#
......# .....
... ########
#)# #......#
#.# #......#
#.# #......#
#b# #......#
#@#
#......####.#
#...........#
#...........#
###
###.........#
##.#
#.#####'#.#
#.♣# #.#
#.#.# #.♣ #.#
#.#.###.♣ #.#
#.#.##..♣


You could see a bat.

Vanquished Creatures
  An endoplasm (D:1)
  A goblin (D:1)
  A hobgoblin (D:1)
3 creatures vanquished.

Notes
Turn   | Place    | Note
-------+----------+-------------------------------------------
     0 | D:1      | HoaS the Ghoul Hunter began the quest for the Orb.
     0 | D:1      | Reached XP level 1. HP: 17/17 MP: 0/0
    96 | D:1      | Reached skill level 1 in Unarmed Combat
   125 | D:1      | Slain by a bat

Illustrated notes

Levels and vault maps discovered:
D:1:      sevenhm_arrival_forest_fort_small_6, layout_basic, minmay_nonomino_d4

Skill      XL: |  1 |
---------------+----+-----
Unarmed Combat | 1 |  1.2
Fighting       | |  2.1
Crossbows      | |  3.6
Dodging        | |  1.7
Stealth        | |  1.1

Action                   || total
-------------------------++-------
Melee: Unarmed           ||    35
Armor: Leather armour    ||    18
Dodge: Dodged            ||    29

Table legend: (Time is in decaauts)
 A = Elapsed time spent in this place.
 B = Non-inter-level travel time spent in this place.
 C = Inter-level travel time spent in this place.
 D = Time resting spent in this place.
 E = Time spent auto-exploring this place.
 F = Levels seen in this place.
 G = Mean time per level.
                   A        B        C        D        E       F      G
               +--------+--------+--------+--------+--------+-----+--------+
         Total |    123 |    123 |      0 |      2 |     65 |   1 |  123.0 |
       Dungeon |    123 |    123 |      0 |      2 |     65 |   1 |  123.0 |
               +--------+--------+--------+--------+--------+-----+--------+

Top non-repeatable levels by time:
     D:1: 123 daAuts
